 Dungeon Sprint DCSS version 0.19-a0-981-gaae9137 (webtiles) character file.

22134 zero the Warrior (level 12, 0/129 HPs)
             Began as a Minotaur Berserker on July 14, 2016.
             Was the Champion of Trog.
             Killed by vampiric draining
             ... invoked by a vampire knight
              (17 damage)
             ... in the Dungeon (Sprint IX: "|||||||||||||||||||||||||||||").
             The game lasted 00:09:50 (1900 turns).

zero the Warrior (Minotaur Berserker)               Turns: 1900, Time: 00:09:50

Health: 0/129      AC: 27    Str: 33    XL:     12   Next: 60%
Magic:  3/3        EV: 16    Int: 11    God:    Trog [******]
Gold:   1101       SH:  0    Dex: 10    Spells: 0 memorised, 11 levels left

rFire  . . .     SeeInvis .     C - +3 bardiche (antimagic)
rCold  . . .     Gourm    .     p - +0 plate armour
rNeg   . . .     Faith    .     (shield currently unavailable)
rPois  .         Spirit   .     (helmet restricted)
rElec  .         Dismiss  .     a - +0 cloak
rCorr  .         Reflect  .     K - +1 pair of gloves {Str+3}
SustAt .         Harm     .     D - +2 pair of boots of Toigoemu {Str+3 Int+7 Slay+4}
MR     ++++.     NoTele   +     (no amulet)
Stlth  ..........               E - ring of protection from magic
                                j - ring of protection from magic

@: regenerating, incredibly resistant to hostile enchantments, extremely
unstealthy
A: retaliatory headbutt, horns 2
a: Berserk, Trog's Hand, Brothers in Arms, Burn Spellbooks, Renounce Religion


You were in the Dungeon.
You worshipped Trog.
Trog was exalted by your worship.
You were not hungry.

You visited 1 branch You collected 1920 gold pieces.
You spent 819 gold pieces at shops.

Inventory:

Hand Weapons
 C - a +3 antimagic bardiche (weapon)
Armour
 a - a +0 cloak (worn)
 p - a +0 plate armour (worn)
 D - the +2 pair of boots of Toigoemu (worn) {Str+3 Int+7 Slay+4}
   (You bought it in a shop in the Dungeon)

   It affects your strength (+3).
   It affects your intelligence (+7).
   It affects your accuracy and damage with ranged weapons and melee attacks
   (+4).
 G - a +0 shadow dragon armour
 H - a +1 fire dragon armour
 I - a +1 ice dragon armour
 K - a +1 pair of gloves of strength (worn)
Jewellery
 j - a ring of protection from magic (left hand)
 E - a ring of protection from magic (right hand)
 F - an uncursed ring of protection from cold
Wands
 m - a wand of lightning (7/15)
Scrolls
 i - 3 scrolls of blinking
 l - 4 scrolls of remove curse
 n - a scroll of identify
 o - 3 scrolls of fear
 u - 4 scrolls of enchant armour
 v - a scroll of fog
 w - 2 scrolls of enchant weapon
 x - a scroll of recharging
Potions
 b - a potion of cure mutation
 d - 6 potions of curing
 e - 3 potions of heal wounds
 f - a potion of haste
 g - 4 potions of magic
 h - 5 potions of berserk rage
 k - a potion of invisibility
 s - 2 potions of might
 t - 5 potions of agility
Comestibles
 c - 14 bread rations
 z - 40 fruits
 A - 11 meat rations


   Skills:
 + Level 18.9 Fighting
 + Level 18.8 Polearms
 + Level 18.7 Armour
 + Level 17.4 Dodging


You had 11 spell levels left.
You didn't know any spells.

Dungeon Overview and Level Annotations

Branches:
Dungeon (1/1)

Altars:
Cheibriados
Dithmenos
Elyvilon
Fedhas
Gozag
Hepliaklqana
Kikubaaqudgha
Makhleb
Nemelex Xobeh
Okawaru
Pakellas
Qazlal
Ru
Sif Muna
Trog
Uskayaw
Vehumet
Xom
Yredelemnul
Zin
The Shining One
Beogh
Jiyva
Lugonu

Shops:
D [[[(


Innate Abilities, Weirdness & Mutations

You reflexively headbutt those who attack you in melee.
You have a pair of horns on your head.


Message History

You resist with almost no effort.
The vampire knight gestures wildly while chanting.
The vampire knight flickers and vanishes!
Deactivating autopickup; reactivate with Ctrl-A.
No target in view!
You see here the +5 chain mail of the Undertaker {Int+5}.
Something hits you! Something bites you!
* * * LOW HITPOINT WARNING * * *
You see here a +2 scale mail of cold resistance.
You hit something. You headbutt something. Something hits you.
* * * LOW HITPOINT WARNING * * *
Something bites you but does no damage.
You slash something! You headbutt something.
Unholy energy fills the air.
* * * LOW HITPOINT WARNING * * *
You slice something!! You headbutt something.
Something hits you but does no damage. Something bites you.
* * * LOW HITPOINT WARNING * * *
Something draws strength from your injuries!
You hit something.
Unholy energy fills the air.
You die...

▓.▓.▓.▓.▓.▓.▓_▓
▓)▓.▓.▓.▓(▓.▓_▓
▓)▓.▓.▓.▓.▓.▓_▓
▓.▓.▓.▓.▓.▓.▓_▓
▓)▓.▓.▓.▓%▓.▓_▓
▓.▓.▓)▓.▓÷▓.▓_▓
▓[▓.▓.▓.▓)▓.▓_▓
▓.▓.▓)▓.▓.▓.▓_▓
▓@▓.▓)▓.▓.▓.▓_▓
▓[▓.▓)▓.▓.▓.▓_▓
▓.▓.▓.▓.▓.▓.▓_▓
▓.▓.▓.▓.▓.▓.▓_▓
▓.▓.▓.▓.▓.▓.▓_▓
▓.▓.▓.▓.▓.▓.▓_▓
▓)▓.▓.▓.▓%▓.▓_▓
▓)▓.▓)▓.▓)▓.▓_▓
▓)▓.▓)▓.▓.▓.▓_▓


There were no monsters in sight!

Vanquished Creatures
  Gastronok (D)
  A tengu reaver (D)
  2 dire elephants (D)
  2 hydras (D)
  4 orc high priests (D)
  2 hill giants (D)
  13 orc knights (D)
  6 elephants (D)
  A cyclops (D)
  A torpor snail (D)
  2 komodo dragons (D)
  A troll (D)
  2 blink frogs (D)
  4 yaks (D)
  A wyvern (D)
  A wraith (D)
  A hungry ghost (D)
  A water moccasin (D)
  3 porcupines (D)
  9 orc warriors (D)
  A sky beast (D)
  A phantom (D)
  2 centaurs (D)
  A crocodile (D)
  4 giant frogs (D)
  A howler monkey (D)
  3 orc priests (D)
  A hound (D)
  2 orc wizards (D)
  2 iguanas (D)
  2 river rats (D)
  An adder zombie (D)
  An adder skeleton (D)
  7 orcs (D)
  A bat skeleton (D)
  A bat zombie (D)
  3 giant cockroaches (D)
  A hobgoblin (D)
  A kobold (D)
  A jackal simulacrum (D)
  A rat (D)
96 creatures vanquished.

Vanquished Creatures (others)
  A giant eyeball (shapeshifter) (D)
1 creature vanquished.

Grand Total: 97 creatures vanquished

Notes
Turn   | Place    | Note
-------+----------+-------------------------------------------
     0 | D        | zero the Minotaur Berserker began the quest for the Orb.
     0 | D        | Reached XP level 1. HP: 19/19 MP: 0/0
     5 | D        | Reached ** piety under Trog
    52 | D        | Noticed a centaur
    52 | D        | Noticed a centaur
    52 | D        | Noticed a sky beast
    56 | D        | Reached *** piety under Trog
    59 | D        | Killed a sky beast
    59 | D        | Reached skill level 5 in Armour
    59 | D        | Reached skill level 5 in Dodging
    59 | D        | Reached XP level 2. HP: 31/31 MP: 1/1
    59 | D        | Reached XP level 3. HP: 38/38 MP: 2/2
    59 | D        | Reached XP level 4. HP: 45/45 MP: 3/3
    61 | D        | Killed a centaur
    61 | D        | Reached XP level 5. HP: 52/52 MP: 4/4
    66 | D        | Killed a centaur
   124 | D        | Found a glowing silver altar of Zin.
   124 | D        | Found a glowing golden altar of the Shining One.
   124 | D        | Found an ancient bone altar of Kikubaaqudgha.
   124 | D        | Found a basalt altar of Yredelemnul.
   124 | D        | Found a shimmering altar of Xom.
   124 | D        | Found a radiant altar of Vehumet.
   125 | D        | Found an iron altar of Okawaru.
   126 | D        | Found a burning altar of Makhleb.
   127 | D        | Found a deep blue altar of Sif Muna.
   128 | D        | Found a bloodstained altar of Trog.
   129 | D        | Found a sparkling altar of Nemelex Xobeh.
   130 | D        | Found a white marble altar of Elyvilon.
   131 | D        | Found a roughly hewn altar of Beogh.
   132 | D        | Found a viscous altar of Jiyva.
   133 | D        | Found a corrupted altar of Lugonu.
   134 | D        | Found a blossoming altar of Fedhas.
   135 | D        | Found a snail-covered altar of Cheibriados.
   136 | D        | Found a shadowy altar of Dithmenos.
   137 | D        | Found a stormy altar of Qazlal.
   138 | D        | Found an opulent altar of Gozag.
   139 | D        | Found a sacrificial altar of Ru.
   140 | D        | Found an oddly glowing altar of Pakellas.
   141 | D        | Found a hide-covered altar of Uskayaw.
   142 | D        | Found a hazy altar of Hepliaklqana.
   199 | D        | Noticed a phantom
   199 | D        | Noticed a yak
   199 | D        | Noticed a hungry ghost
   199 | D        | Noticed a wyvern
   199 | D        | Reached **** piety under Trog
   199 | D        | Reached XP level 6. HP: 62/62 MP: 5/5
   202 | D        | Killed a wyvern
   208 | D        | Killed a hungry ghost
   208 | D        | Reached XP level 7. HP: 71/71 MP: 6/6
   213 | D        | Killed a yak
   213 | D        | Reached skill level 10 in Fighting
   213 | D        | Reached skill level 10 in Polearms
   213 | D        | Reached skill level 10 in Armour
   280 | D        | Noticed a troll
   280 | D        | Noticed a yak
   291 | D        | Reached ***** piety under Trog
   293 | D        | Killed a yak
   293 | D        | Reached XP level 8. HP: 82/82 MP: 7/7
   299 | D        | Killed a troll
   299 | D        | Reached skill level 10 in Dodging
   483 | D        | Received a gift from Trog
   487 | D        | Noticed a torpor snail
   501 | D        | Killed a torpor snail
   501 | D        | Reached XP level 9. HP: 92/92 MP: 8/8
   530 | D        | Noticed a five-headed hydra
   530 | D        | Noticed a komodo dragon
   535 | D        | Reached ****** piety under Trog
   536 | D        | Received a gift from Trog
   539 | D        | Killed a komodo dragon
   544 | D        | Killed a nine-headed hydra
   558 | D        | Reached XP level 10. HP: 103/103 MP: 9/9
   663 | D        | Noticed an elephant
   663 | D        | Noticed an elephant
   663 | D        | Noticed an elephant
   663 | D        | Noticed an elephant
   663 | D        | Noticed an elephant
   663 | D        | Noticed a dire elephant
   666 | D        | Noticed a dire elephant
   669 | D        | Killed a dire elephant
   669 | D        | Received a gift from Trog
   675 | D        | Noticed an elephant
   675 | D        | Killed an elephant
   678 | D        | Killed an elephant
   681 | D        | Killed an elephant
   687 | D        | Killed a dire elephant
   687 | D        | Reached skill level 15 in Fighting
   687 | D        | Reached skill level 15 in Polearms
   687 | D        | Reached skill level 15 in Armour
   692 | D        | Killed an elephant
   698 | D        | Killed an elephant
   698 | D        | Received a gift from Trog
   706 | D        | Killed an elephant
   938 | D        | Received a gift from Trog
   939 | D        | Reached XP level 11. HP: 114/114 MP: 10/10
   951 | D        | Received a gift from Trog
  1013 | D        | Noticed an orc knight
  1013 | D        | Noticed an orc knight
  1016 | D        | Noticed an orc knight
  1021 | D        | Killed an orc knight
  1021 | D        | Received a gift from Trog
  1023 | D        | Killed an orc knight
  1025 | D        | Noticed an orc knight
  1033 | D        | Killed an orc knight
  1035 | D        | Killed an orc knight
  1042 | D        | Reached skill level 15 in Dodging
  1047 | D        | Received a gift from Trog
  1187 | D        | Found Imuym's Antique Weapon Boutique.
  1187 | D        | Noticed an orc high priest
  1187 | D        | Noticed an orc high priest
  1187 | D        | Noticed an orc knight
  1187 | D        | Noticed an orc high priest
  1187 | D        | Noticed an orc knight
  1188 | D        | Noticed a sun demon
  1192 | D        | Noticed an orc knight
  1194 | D        | Killed an orc knight
  1197 | D        | Killed an orc high priest
  1200 | D        | Noticed an orc high priest
  1200 | D        | Killed an orc knight
  1202 | D        | Killed an orc high priest
  1204 | D        | Noticed a soul eater
  1214 | D        | Killed an orc high priest
  1214 | D        | Received a gift from Trog
  1223 | D        | Killed an orc knight
  1228 | D        | Killed an orc high priest
  1383 | D        | Found Pampi's Armour Shop.
  1392 | D        | Found Emmypium's Armour Boutique.
  1394 | D        | Noticed an orc knight
  1395 | D        | Found Kiorec's Armour Shop.
  1396 | D        | Noticed an orc knight
  1397 | D        | Noticed an orc knight
  1398 | D        | Noticed an orc knight
  1401 | D        | Noticed an orc knight
  1405 | D        | Killed an orc knight
  1409 | D        | Killed an orc knight
  1410 | D        | Noticed an orc knight
  1413 | D        | Killed an orc knight
  1413 | D        | Reached XP level 12. HP: 127/127 MP: 11/11
  1422 | D        | Received a gift from Trog
  1470 | D        | Bought the +2 pair of boots of Toigoemu {Str+3 Int+7 Slay+4} for 770 gold pieces
  1483 | D        | Bought a +0 cloak for 49 gold pieces
  1638 | D        | Noticed Gastronok
  1655 | D        | Killed Gastronok
  1767 | D        | Noticed a four-headed hydra
  1774 | D        | Received a gift from Trog
  1776 | D        | Killed a six-headed hydra
  1833 | D        | Noticed a tengu reaver
  1841 | D        | Killed a tengu reaver
  1841 | D        | Received a gift from Trog
  1875 | D        | Noticed a vampire knight
  1900 | D        | Killed from afar by a vampire knight

Vault maps used:
D:        linesprint

Skill      XL: |  1  2  3  4  5  6  7  8  9 10 11 12 |
---------------+-------------------------------------+-----
Fighting       | 6 7 8 9 11 12 14 15 17 18 | 18.9
Polearms       | 6 7 8 9 11 12 13 15 17 18 | 18.8
Armour         | 5 7 8 9 10 12 13 15 17 18 | 18.7
Dodging        | 5 6 7 8 9 11 12 14 16 17 | 17.4

Action                   |  1- 3 |  4- 6 |  7- 9 | 10-12 || total
-------------------------+-------+-------+-------+-------++-------
Melee: Spear             |    15 |     4 |       |       ||    19
       Headbutt          |     2 |     2 |    13 |    36 ||    53
       Halberd           |       |     7 |    73 |       ||    80
       Glaive            |       |       |       |   164 ||   164
       Bardiche          |       |       |       |    33 ||    33
Invok: Berserk           |     1 |     1 |     3 |     6 ||    11
       Trog's Hand       |     1 |     1 |     2 |     7 ||    11
  Eat: Chunk             |       |       |     6 |    12 ||    18
       Meat ration       |       |       |       |     1 ||     1
Armor: Animal skin       |     1 |       |       |       ||     1
       Plate armour      |       |     2 |    16 |    51 ||    69
Dodge: Dodged            |     4 |     4 |    26 |    63 ||    97
